 Dungeon Crawl Stone Soup version 0.30-a0-1074-g5db6f66fbb (webtiles) character file.

Game seed: 12226733647283703401

15 demibob the Charlatan (level 2, 6/22 HPs)
             Began as a Demonspawn Wanderer on Apr 13, 2023.
             Quit the game on level 2 of the Dungeon.
             The game lasted 00:01:50 (811 turns).

demibob the Charlatan (Demonspawn Wanderer)          Turns: 811, Time: 00:01:50

Health: 6/22       AC:  3    Str: 14    XL:     2   Next: 34%
Magic:  2/3        EV: 11    Int: 11    God:
Gold:   126        SH:  0    Dex: 12    Spells: 2/3 levels left

rFire   . . .      SeeInvis .    a - +0 dagger
rCold   . . .      Faith    .    (no shield)
rNeg    . . .      Spirit   .    g - +0 leather armour
rPois   .          Reflect  .    (helmet restricted)
rElec   .          Rampage  .    (no cloak)
rCorr   .                        (no gloves)
Will    .....                    (no boots)
Stlth   ++                       (no amulet)
HPRegen 0.23/turn                (no ring)
MPRegen 0.08/turn                (no ring)

@: brilliant
A: horns 1
a: no special abilities


You were on level 2 of the Dungeon.
You visited 1 branch of the dungeon, and saw 2 of its levels.

You collected 126 gold pieces.


Innate Abilities, Weirdness & Mutations

You have a pair of small horns on your head.


   Skills:
 - Level 2.0 Fighting
 + Level 1.9 Short Blades
 - Level 1.7 Throwing
 - Level 1.7 Stealth
 - Level 1.0 Spellcasting
 - Level 1.0 Summonings
 - Level 2.0 Evocations


You had 2 spell levels left.
You knew the following spells:

 Your Spells              Type           Power      Damage    Failure   Level
z - Summon Small Mammal   Summ           16%        N/A       26%         1

Your spell library contained the following spells:

 Spells                   Type           Power      Damage    Failure   Level
 Summon Guardian Golem    Hex/Summ       2%         N/A       69%         3

Inventory:

Hand Weapons
 a - a +0 dagger (weapon)
 e - a +0 dagger
Missiles
 b - an atropa-tipped dart (quivered)
 c - 2 datura-tipped darts
 d - 9 poisoned darts
Armour
 g - a +0 leather armour (worn)
 k - a +0 cloak
Wands
 n - a wand of flame (29)
Scrolls
 h - 2 scrolls of identify {@r1}
 j - 2 scrolls of enchant weapon

Dungeon Overview and Level Annotations

Branches:
Dungeon (2/15)

Altars:

Annotations:
D:2 Natasha

##............##
#..............#
#.<............#
#............<.#
#..............# #
#..............# #
######............##
####..###...........##
.##....##....#.#@####
....##.##......#..#
#..>...##.....###.#
..###........####.#
.#####.##........(#
........#.....#####
.##...........#
##............#
##............#


There were no monsters in sight!


Message History

The cerulean imp looks frightened!
Your bat closely misses the cerulean imp.
Your bat hits the cerulean imp but does no damage.
Your bat's attack snaps the cerulean imp out of its fear.
The cerulean imp barely misses you.
It was a potion of brilliance.
You feel clever all of a sudden.
The cerulean imp hits you from afar with a +2 spear.
* * * LOW HITPOINT WARNING * * *
The cerulean imp barely misses you.
It was a potion of curing.
You feel better.
Your bat barely misses Natasha.
The cerulean imp hits you from afar with a +2 spear.
* * * LOW HITPOINT WARNING * * *
As you read the scroll labelled CICWESS YCEL, it crumbles to dust.
It is a scroll of identify.
j - 2 scrolls of enchant weapon The cerulean imp misses you.
The cerulean imp hits you from afar with a +2 spear.
* * * LOW HITPOINT WARNING * * *
As you read the scroll labelled MENEGO UG TIE, it crumbles to dust.
You feel strangely unstable.
It was a scroll of teleportation.
The cerulean imp hits you but does no damage.
The cerulean imp hits you from afar with a +2 spear.
* * * LOW HITPOINT WARNING * * *
Your surroundings suddenly seem different.
You start resting.
You feel yourself speed up.
Are you sure you want to abandon this character and quit the game? (Confirm with "yes".)
Okay, then.
Are you sure you want to abandon this character and quit the game? (Confirm with "yes".)

Skill      XL: |  1 |
---------------+----+-----
Short Blades   | 1 |  1.9
Fighting       | |  2.0
Throwing       | |  1.7
Stealth        | |  1.7
Spellcasting   | |  1.0
Summonings     | |  1.0
Evocations     | |  2.0

Action                     || total
---------------------------++-------
  Melee: Dagger            ||    47
         Headbutt          ||     6
   Cast: Summon Small Mamm ||     6
    Use: Scroll            ||     3
         Potion            ||     2
 Armour: Leather armour    ||    12
  Dodge: Dodged            ||    40

Levels and vault maps discovered:
D:1:      wander_arrival_lonely_grave, layout_loops_cross,
          minmay_misc_feat_enclosed
D:2:      layout_rooms, uniq_natasha

Notes
Turn   | Place    | Note
-------+----------+-------------------------------------------
     0 | D:1      | demibob the Demonspawn Wanderer began the quest for the
                  | Orb.
     0 | D:1      | demibob set off with the following items: a +0 dagger, an
                  | atropa-tipped dart, 2 datura-tipped darts, 9 poisoned
                  | darts, a +0 dagger, a scroll of fear, a +0 leather armour;
                  | and the following spell memorised: Summon Small Mammal; and
                  | the following spells available to memorise: Summon Guardian
                  | Golem.
     0 | D:1      | Reached XP level 1. HP: 16/16 MP: 2/2
   199 | D:1      | Reached skill level 1 in Short Blades
   343 | D:1      | Gained mutation: You have a pair of small horns on your
                  | head. [demonic ancestry]
   343 | D:1      | Reached XP level 2. HP: 22/22 MP: 3/3
   784 | D:2      | Noticed Natasha
   811 | D:2      | Quit the game

Vanquished Creatures
  A dart slug (D:2)
  2 bats
  2 endoplasms (D:1)
  A goblin (D:1)
  A kobold (D:1)
  A quokka (D:1)
  2 ball pythons
  A frilled lizard (D:1)
  A rat (D:2)
12 creatures vanquished.

Table legend: (Time is in decaauts)
 A = Elapsed time spent in this place.
 B = Non-inter-level travel time spent in this place.
 C = Inter-level travel time spent in this place.
 D = Time resting spent in this place.
 E = Time spent auto-exploring this place.
 F = Levels seen in this place.
 G = Mean time per level.
                   A        B        C        D        E       F      G
               +--------+--------+--------+--------+--------+-----+--------+
         Total |    817 |    800 |     17 |     13 |    650 |   2 |  408.5 |
       Dungeon |    817 |    800 |     17 |     13 |    650 |   2 |  408.5 |
               +--------+--------+--------+--------+--------+-----+--------+

Top non-repeatable levels by time:
     D:1: 623 daAuts
     D:2: 194 daAuts

Table legend:
 A = Non-vault XP
 B = Vault XP
 C = Vault XP percentage of total XP
 D = Non-vault monster count
 E = Vault monster count
 F = Vault count percentage of total count
                 A         B        C        D         E       F
            +---------+---------+-------+---------+---------+-------
      Total |      22 |       0 |   0.0 |      12 |       0 |   0.0
            +---------+---------+-------+---------+---------+-------
        D:1 |      14 |       0 |   0.0 |       8 |       0 |   0.0
        D:2 |       8 |       0 |   0.0 |       4 |       0 |   0.0
            +---------+---------+-------+---------+---------+-------
